 Dungeon Crawl Stone Soup version 0.31-a0-152-g6aa68a64a1 (webtiles) character file.

Game seed: 10187588305547261032

95421 h0peless the Markstengu (level 16, -15/103 HPs)
             Began as a Tengu Hunter on June 9, 2023.
             Was the Champion of Okawaru.
             Shot with a bolt by Saint Roka (16 damage)
             ... on level 2 of the Orcish Mines.
             The game lasted 01:51:54 (27453 turns).

h0peless the Markstengu (Tengu Hunter)             Turns: 27453, Time: 01:51:55

Health: -15/103    AC: 16    Str: 12    XL:     16   Next: 14%
Magic:  8/8        EV: 23    Int: 11    God:    Okawaru [******]
Gold:   2255       SH:  0    Dex: 21    Spells: 15/15 levels left

rFire   . . .        a - +4 longbow (antimagic)
rCold   . . .        (shield currently unavailable)
rNeg    + + .        D - +1 ring mail {Will+}
rPois   +            (helmet restricted)
rElec   +            j - +2 cloak of Veistoan {rElec rPois rN++ Dex-5}
rCorr   +            I - +0 pair of gloves
SInv    .            (boots unavailable)
Will    +++..        B - amulet of the acrobat
Stlth   ++           f - ring of Guhajoet {+Blink Will+ rCorr Dex+2}
HPRegen 0.37/turn    v - +4 ring of protection
MPRegen 0.11/turn

%: acrobat
@: mighty, flying quickly and evasively, studying Transmutations, quick
A: beak, talons 3, nimble flight
a: Renounce Religion, Evoke Blink, Heroism, Finesse, Duel


You were on level 2 of the Orcish Mines.
You worshipped Okawaru.
Okawaru was exalted by your worship.
You visited 4 branches of the dungeon, and saw 20 of its levels.
You visited the Abyss 1 time.
You also visited: Ossuary, Ice Cave and Volcano.

You collected 2255 gold pieces.

Inventory:

Hand Weapons
 a - a +4 antimagic longbow (weapon)
 b - the +3 rapier "Concordance" {venom, SInv}
   (Okawaru gifted it to you on level 5 of the Lair of Beasts)

   SInv:      It lets you see invisible.
 y - a +1 hand crossbow of flaming
Missiles
 o - 3 throwing nets
Armour
 c - +0 acid dragon scales
 j - the +2 cloak of Veistoan (worn) {rElec rPois rN++ Dex-5}
   (You found it on level 2 of the Lair of Beasts)

   Dex:       It affects your dexterity (-5).
   rElec:     It insulates you from electricity.
   rPois:     It protects you from poison.
   rN:        It greatly protects you from negative energy.
 z - a +2 leather armour of fire resistance
 D - a +1 ring mail of willpower (worn)
 I - a +0 pair of gloves (worn)
Jewellery
 e - a +6 ring of strength
 f - the ring of Guhajoet (left hand) {+Blink Will+ rCorr Dex+2}
   (You acquired it on level 10 of the Dungeon)

   [ring of resist corrosion]

   Dex:       It affects your dexterity (+2).
   +Blink:    It lets you blink.
   rCorr:     It protects you from acid and corrosion.
   Will:      It increases your willpower.
 i - the ring "Kitserph" {Ice rPois Stlth+}
   (You found it in an ice cave)

   [ring of ice]

   It enhances your ice magic.
   rF:        It makes you vulnerable to fire.
   rC:        It protects you from cold.
   rPois:     It protects you from poison.
   Stlth:     It makes you more stealthy.
 n - a ring of protection from fire
 p - an amulet of regeneration
 v - a +4 ring of protection (right hand)
 B - an amulet of the acrobat (around neck)
Wands
 E - a wand of flame (34)
 G - a wand of light (5)
 J - a wand of digging (20)
 K - a wand of polymorph (7)
 L - a wand of iceblast (3)
Scrolls
 m - 5 scrolls of teleportation
 w - 2 scrolls of blinking
 A - 3 scrolls of noise
 C - 7 scrolls of fog
 O - 2 scrolls of enchant weapon {unknown}
 T - a scroll of brand weapon
 U - a scroll of vulnerability {unknown}
Potions
 d - a potion of lignification
 g - 2 potions of berserk rage
 h - 8 potions of curing
 k - 2 potions of magic
 l - a potion of brilliance
 q - 2 potions of might
 r - 5 potions of heal wounds
 s - 4 potions of cancellation
 u - 3 potions of haste {unknown}
 x - 5 potions of mutation
 F - 2 potions of enlightenment {unknown}
 Q - a potion of invisibility {unknown}
Miscellaneous
 t - a phantom mirror


   Skills:
 + Level 12.4 Fighting
 - Level 20.0 Ranged Weapons
 - Level 8.0 Armour
 + Level 13.0 Dodging
 - Level 4.0 Stealth
 - Level 10.0 Invocations
 - Level 5.0 Evocations


You had 15 spell levels left.
You didn't know any spells.
Your spell library contained the following spells:

 Spells                   Type           Power      Damage    Failure   Level
 Apportation              Tloc           0%         N/A       56%         1
 Beastly Appendage        Tmut           0%         N/A       56%         1
 Freeze                   Ice            0%         1d3       56%         1
 Magic Dart               Conj           0%         1d3       56%         1
 Necrotise                Necr           0%         1d4       56%         1
 Blink                    Tloc           0%         N/A       71%         2
 Scorch                   Fire           0%         2d5       71%         2
 Sublimation of Blood     Necr           0%         N/A       71%         2
 Wereblood                Tmut           0%         N/A       71%         2
 Frozen Ramparts          Ice            0%         1d1       91%         3
 Hailstorm                Conj/Ice       0%         3d3       91%         3
 Mephitic Cloud           Conj/Pois/Air  0%         N/A       91%         3
 Spider Form              Tmut/Pois      0%         N/A       91%         3
 Flame Wave               Conj/Fire      0%         2d4       100%        4
 Manifold Assault         Tloc           0%         N/A       100%        4
 Petrify                  Tmut/Erth      0%         N/A       100%        4
 Freezing Cloud           Conj/Ice/Air   0%         6-21      100%        5
 Irradiate                Conj/Tmut      0%         3d11      100%        5
 Ozocubu's Refrigeration  Ice            0%         4d7       100%        7
 Storm Form               Tmut/Air       0%         N/A       100%        7
 Polar Vortex             Ice            0%         N/A       100%        9
 Summon Small Mammal      Summ           Unusable   N/A       N/A         1
 Call Imp                 Summ           Unusable   N/A       N/A         2
 Summon Ice Beast         Ice/Summ       Unusable   N/A       N/A         4
 Simulacrum               Ice/Necr       Unusable   N/A       N/A         6
 Summon Cactus Giant      Summ           Unusable   N/A       N/A         6

Dungeon Overview and Level Annotations

Branches:
Dungeon (12/15)            Temple (1/1) D:4            Lair (5/5) D:9
 Shoals (0/4) Lair:3        Snake (0/4) Lair:2        Slime (0/5) Lair:4
    Orc (2/2) D:10            Elf (0/3) Orc:2       Ossuary (visited)
  IceCv (visited)         Volcano (visited)

Altars:
Ashenzari
Cheibriados
Dithmenos
Elyvilon
Fedhas
Gozag
Hepliaklqana
Kikubaaqudgha
Makhleb
Nemelex Xobeh
Okawaru
Qazlal
Ru
Sif Muna
Trog
Uskayaw
Vehumet
Wu Jian
Xom
Yredelemnul
Zin
The Shining One

Annotations:
D:3 t4s4d4r's ghost, amateur DgCj
D:9 exclusion: door
Orc:2 Saint Roka


Innate Abilities, Weirdness & Mutations

You have a beak for a mouth.
You have claws for feet.
Your magical nature lets you fly swiftly and evasively.


Message History

Saint Roka shoots a bolt.
The bolt closely misses you.
Fire: a) +4 longbow (antimagic)
Press: ? - help, Q - select action, (/) - cycle Shift-Dir - straight line, f/p - Saint Roka
Aim: Saint Roka, wielding a +1 arbalest of flaming and wearing a +0 chain mail (heavily wounded, 80% to hit)
You shoot an arrow. The arrow hits Saint Roka!!
Saint Roka is heavily wounded.
Saint Roka calls down the wrath of Beogh upon you.
Beogh smites you!
You hear a shout!
Fire: a) +4 longbow (antimagic)
Press: ? - help, Q - select action, (/) - cycle Shift-Dir - straight line, f/p - Saint Roka
Aim: Saint Roka, wielding a +1 arbalest of flaming and wearing a +0 chain mail (heavily wounded, 80% to hit)
You shoot an arrow. The arrow hits Saint Roka.
Saint Roka is heavily wounded.
Saint Roka shoots a bolt.
The bolt hits you!! The bolt burns you!
Fire: a) +4 longbow (antimagic)
Press: ? - help, Q - select action, (/) - cycle Shift-Dir - straight line, f/p - Saint Roka
Aim: Saint Roka, wielding a +1 arbalest of flaming and wearing a +0 chain mail (heavily wounded, 80% to hit)
You shoot an arrow.
The arrow hits Saint Roka but does no damage.
Saint Roka is heavily wounded.
Saint Roka says, "Down here, you're an orc or you're nobody."
Saint Roka invokes the aid of Beogh against you.
Beogh smites you!
Fire: a) +4 longbow (antimagic)
Press: ? - help, Q - select action, (/) - cycle Shift-Dir - straight line, f/p - Saint Roka
Aim: Saint Roka, wielding a +1 arbalest of flaming and wearing a +0 chain mail (heavily wounded, 80% to hit)
You shoot an arrow. The arrow completely misses Saint Roka.
Fire: a) +4 longbow (antimagic)
Press: ? - help, Q - select action, (/) - cycle Shift-Dir - straight line, f/p - Saint Roka
Aim: Saint Roka, wielding a +1 arbalest of flaming and wearing a +0 chain mail (heavily wounded, 80% to hit)
You shoot an arrow. The orc shouts!
The arrow hits the orc!!
You kill the orc!
Saint Roka calls out, "Orcs!
Behind me!"
Saint Roka shoots a bolt.
The bolt hits you!!!
* * * LOW HITPOINT WARNING * * *
The bolt burns you!
You die...

##...................#
................oo...#
................)....#
.......##............#
......#..............#
..............)......#
#.)..............)...#
..................##.#
#.#....##.......@.####
####..######.....)###
#### ##.......##
##.#.....# ##.)...##
##)#### ##)## ##...##
# #.....# #### ##.


You could see Saint Roka and an orc (strong).

Vanquished Creatures
  A frost giant (IceCv)
  An orc warlord (Orc:2)
  Snorg (Lair:4)
  5 hydras
  A fire dragon (Volcano)
  Erolcha (D:9)
  A boulder beetle (D:11)
  4 catoblepae
  8 death yaks
  3 two-headed ogres
  3 orc high priests (Orc:2)
  Amaemon (Lair:2)
  3 skeletal warriors
  2 skysharks
  3 lindwurms (Volcano)
  4 orc knights (Orc:2)
  4 oklob plants (Lair:2)
  5 cyclopes
  4 orc sorcerers (Orc:2)
  2 wolf spiders (Lair:5)
  2 manticores (Lair:5)
  28 elephants
  7 black mambas
  19 cane toads
  An orange demon (Lair:2)
  2 gargoyles (D:12)
  An ice statue (IceCv)
  A guardian serpent (Lair:5)
  3 smoke demons (Volcano)
  10 komodo dragons
  5 rime drakes
  8 trolls
  15 polar bears
  2 hornets (Lair:5)
  28 blink frogs
  11 dream sheep (Lair:5)
  A shadow (D:9)
  18 wyverns
  3 wraiths
  2 steam dragons
  3 basilisks
  A redback (Lair:5)
  68 yaks
  4 vampire mosquitoes (D:12)
  A death yak simulacrum (Lair:5)
  An acid dragon (D:12)
  4 wargs
  4 nagas (Lair:2)
  A hell hound (Volcano)
  18 water moccasins
  An ice beast (D:5)
  29 orc warriors
  6 black bears
  28 wolves
  2 centaurs
  10 ogres
  A phantom (D:6)
  Blork the orc (D:5)
  4 kobold brigands (D:9)
  7 bullfrogs
  A cane toad simulacrum (Lair:5)
  15 scorpions
  4 wights (D:9)
  10 killer bees
  4 electric eels
  An elephant simulacrum (Lair:5)
  3 centaur zombies (Ossuary)
  3 howler monkeys (D:9)
  2 human zombies (Ossuary)
  3 hounds
  A gnoll bouda (D:6)
  22 orc priests
  2 sleepcaps
  7 scorpion zombies (Ossuary)
  2 iguanas
  26 orc wizards
  A wolf simulacrum (Lair:5)
  A centaur simulacrum (D:9)
  3 mummies (Ossuary)
  8 gnolls
  5 adders
  A shadow imp (D:6)
  A white imp (D:5)
  An ufetubus (D:6)
  4 worms
  3 dart slugs
  57 orcs
  3 bats (D:1)
  6 endoplasms
  2 giant cockroaches
  9 goblins
  5 hobgoblins
  6 jackals
  A quokka (D:1)
  10 ball pythons
  2 frilled lizards
  2 gnoll zombies (Ossuary)
  4 goblin zombies
  A hobgoblin zombie (Ossuary)
  22 kobolds
  A kobold zombie (Ossuary)
  3 orc zombies (Ossuary)
  15 rats
  A rat zombie (D:4)
702 creatures vanquished.

Notes
Turn   | Place    | Note
-------+----------+-------------------------------------------
     0 | D:1      | h0peless the Tengu Hunter began the quest for the Orb.
     0 | D:1      | Reached XP level 1. HP: 12/12 MP: 2/2
    79 | D:1      | Reached XP level 2. HP: 17/17 MP: 3/3
   181 | D:1      | Reached skill level 5 in Ranged Weapons
   615 | D:1      | Reached XP level 3. HP: 21/21 MP: 4/4
  1010 | D:2      | Reached skill level 6 in Ranged Weapons
  1010 | D:2      | Reached XP level 4. HP: 26/26 MP: 5/5
  1159 | D:2      | Found a faded altar of an unknown god.
  1477 | D:3      | Gained mutation: Your magical nature lets you fly swiftly
                  | and evasively. [Tengu growth]
  1477 | D:3      | Reached XP level 5. HP: 30/30 MP: 6/6
  1624 | D:3      | Found a transporter.
  1627 | D:3      | Noticed t4s4d4r's ghost (amateur DgCj)
  1629 | D:3      | Identified the +3 dire flail of Kismet {heavy, rElec rC-
                  | Will+ Dex+3}
  1629 | D:3      | Noticed an ogre
  1925 | D:3      | Found a transporter.
  2056 | D:4      | Found a staircase to the Ecumenical Temple.
  2068 | Temple   | Entered the Ecumenical Temple
  2120 | Temple   | Became a worshipper of Warmaster Okawaru
  2195 | D:4      | Reached skill level 7 in Ranged Weapons
  2341 | D:4      | Found a sand-covered staircase.
  2352 | Ossuary  | Entered an ossuary
  2413 | Ossuary  | Reached XP level 6. HP: 35/35 MP: 7/7
  2425 | Ossuary  | Reached skill level 8 in Ranged Weapons
  2472 | Ossuary  | Reached * piety under Okawaru
  2490 | Ossuary  | Reached skill level 1 in Invocations
  2490 | Ossuary  | Reached XP level 7. HP: 25/40 MP: 8/8
  2758 | Ossuary  | Reached skill level 9 in Ranged Weapons
  2762 | Ossuary  | Reached ** piety under Okawaru
  2763 | Ossuary  | Reached XP level 8. HP: 37/46 MP: 10/10
  3624 | D:5      | Entered Level 5 of the Dungeon
  3631 | D:5      | Reached *** piety under Okawaru
  3632 | D:5      | Reached skill level 10 in Ranged Weapons
  3635 | D:5      | Noticed Blork the orc
  3640 | D:5      | Killed Blork the orc
  3786 | D:5      | Reached XP level 9. HP: 52/52 MP: 12/12
  3792 | D:5      | Reached skill level 5 in Dodging
  3899 | D:5      | Reached skill level 1 in Armour
  4151 | D:5      | Noticed a moth of wrath
  4154 | D:5      | Found a bloodstained altar of Trog.
  4821 | D:6      | Found a white marble altar of Elyvilon.
  4923 | D:6      | Reached skill level 5 in Fighting
  5082 | D:7      | Identified the +2 hand axe "Pumetid" {elec, Fragile rPois
                  | Int+4}
  5278 | D:7      | Reached **** piety under Okawaru
  5279 | D:7      | Reached skill level 11 in Ranged Weapons
  5762 | D:8      | Noticed a two-headed ogre
  5776 | D:8      | Killed a two-headed ogre
  5777 | D:8      | Reached XP level 10. HP: 60/60 MP: 14/14
  6168 | D:9      | Found a staircase to the Lair.
  6585 | D:9      | Reached skill level 5 in Invocations
  6632 | D:9      | Reached skill level 12 in Ranged Weapons
  6720 | D:9      | Noticed Erolcha
  6725 | Abyss:1  | Cast into level 1 of the Abyss (Erolcha)
  6736 | Abyss:1  | Noticed a rakshasa
  6736 | Abyss:1  | Noticed a starcursed mass
  6774 | Abyss:1  | Found a corrupted altar of Lugonu.
  6802 | D:9      | Escaped the Abyss
  6817 | D:9      | Killed Erolcha
  7080 | D:9      | Found an ancient bone altar of Kikubaaqudgha.
  7082 | D:9      | Found a blossoming altar of Fedhas.
  7082 | D:9      | Found a sacrificial altar of Ru.
  7336 | D:9      | Noticed a brown ugly thing
  7336 | D:9      | Noticed a cyclops
  7719 | D:10     | Entered Level 10 of the Dungeon
  7812 | D:10     | Identified a scroll of acquirement
  7813 | D:10     | Acquired the ring of Guhajoet {+Blink Will+ rCorr Dex+2}
  7878 | D:10     | Found a staircase to the Orcish Mines.
  8135 | D:10     | Reached skill level 1 in Evocations
  8232 | D:10     | Found a radiant altar of Vehumet.
  8258 | D:10     | Reached XP level 11. HP: 66/66 MP: 16/16
  8270 | D:10     | Found a shimmering altar of Xom.
  8707 | Lair:1   | Entered Level 1 of the Lair of Beasts
  8725 | Lair:1   | Reached skill level 13 in Ranged Weapons
  8779 | Lair:1   | Reached ***** piety under Okawaru
  8796 | Lair:1   | Noticed a catoblepas
  8835 | Lair:1   | Killed a catoblepas
  9678 | Lair:1   | Received a gift from Okawaru
  9938 | D:9      | Reached skill level 14 in Ranged Weapons
 10442 | Lair:1   | Reached skill level 5 in Evocations
 10442 | Lair:1   | Reached XP level 12. HP: 67/73 MP: 18/18
 10606 | Lair:2   | Noticed Amaemon
 10606 | Lair:2   | Noticed an eight-headed hydra
 10735 | Lair:2   | Noticed a skyshark
 11088 | Lair:2   | Killed an eight-headed hydra
 11088 | Lair:2   | Received a gift from Okawaru
 11322 | Lair:2   | Killed Amaemon
 11349 | Lair:2   | Identified the +2 cloak of Veistoan {rElec rPois rN++
                  | Dex-5}
 11793 | Lair:2   | Found a staircase to the Snake Pit.
 11838 | Lair:2   | Killed a skyshark
 12242 | Lair:2   | Reached skill level 5 in Armour
 12767 | Lair:2   | Received a gift from Okawaru
 12814 | Lair:3   | Reached ****** piety under Okawaru
 12880 | Lair:3   | Reached skill level 15 in Ranged Weapons
 12880 | Lair:3   | Reached XP level 13. HP: 51/79 MP: 6/20
 13342 | Lair:3   | Reached skill level 16 in Ranged Weapons
 13785 | Lair:3   | Received a gift from Okawaru
 14313 | Lair:3   | Found an opulent altar of Gozag.
 14337 | Lair:3   | Identified the +1 shortbow of Death {elec, Dex+3}
 14358 | Lair:3   | Found a staircase to the Shoals.
 14620 | Lair:3   | Reached skill level 17 in Ranged Weapons
 14623 | Lair:3   | HP: 1/79 [komodo dragon (25)]
 15408 | Lair:4   | Noticed Snorg
 15749 | Lair:4   | Found a staircase to the Slime Pits.
 16381 | Lair:4   | Reached skill level 18 in Ranged Weapons
 16767 | Lair:4   | Identified the -2 buckler of Marbles {rC+ Str+2} (Okawaru
                  | gifted it to you on level 4 of the Lair of Beasts)
 16767 | Lair:4   | Received a gift from Okawaru
 16975 | Lair:4   | Reached XP level 14. HP: 84/84 MP: 7/21
 17140 | Lair:4   | Killed Snorg
 17296 | Lair:5   | Entered Level 5 of the Lair of Beasts
 17325 | Lair:5   | Found a frozen archway.
 17333 | Lair:5   | Reached skill level 19 in Ranged Weapons
 17343 | IceCv    | Entered an ice cave
 18022 | IceCv    | Noticed a frost giant
 18246 | IceCv    | Killed a frost giant
 18310 | IceCv    | Reached skill level 20 in Ranged Weapons
 18426 | IceCv    | Identified the ring "Kitserph" {Ice rPois Stlth+}
 18429 | IceCv    | Got the Anthology of the Glacier
 18661 | Lair:4   | Received a gift from Okawaru
 19367 | Lair:5   | Identified the +3 rapier "Concordance" {venom, SInv}
                  | (Okawaru gifted it to you on level 5 of the Lair of Beasts)
 19367 | Lair:5   | Received a gift from Okawaru
 19648 | Lair:5   | Reached skill level 10 in Dodging
 19896 | Lair:5   | Reached XP level 15. HP: 90/92 MP: 7/23
 19948 | Lair:5   | Reached skill level 10 in Fighting
 20503 | Lair:5   | Reached skill level 10 in Invocations
 20629 | Lair:5   | Received a gift from Okawaru
 22216 | D:11     | Received a gift from Okawaru
 23981 | Orc:1    | Entered Level 1 of the Orcish Mines
 24181 | Orc:1    | Found a dark tunnel.
 24192 | Volcano  | Entered a volcano
 24489 | Volcano  | Received a gift from Okawaru
 25035 | Orc:2    | Entered Level 2 of the Orcish Mines
 25815 | Orc:2    | Found a staircase to the Elven Halls.
 26388 | Orc:2    | Reached XP level 16. HP: 93/101 MP: 8/24
 26993 | Orc:2    | Noticed Saint Roka
 27453 | Orc:2    | HP: 1/103 [Saint Roka/bolt (36)]
 27453 | Orc:2    | Shot with a bolt by Saint Roka

Illustrated notes

Levels and vault maps discovered:
D:1:      dpeg_arrival_subterranean_lakeside_camping, layout_loops_ring
D:2:      layout_rooms, dreamdust_ecumenical_altar_angels_and_demons
D:3:      layout_loops_ring, gammafunk_ghost_smash
D:4:      layout_basic, temple_statues, enter_ossuary_4, dreamdust_gnoll_farm
D:5:      layout_basic, tgw_trog, uniq_blork_the_orc
D:6:      layout_cave_pools, mainiacjoe_overflow_chevrons,
          hangedman_decor_growths, lemuel_flame_loot_1
D:7:      layout_cave_pools
D:8:      layout_rooms, water_boxes_lemuel
D:9:      minmay_sliced_demisemicircle, layout_loops_corners, minitemple,
          uniq_erolcha
D:10:     layout_loops_ring, mainiacjoe_overflow_two_lobes, orc_0_dummy,
          amcnicky_mini_rare_corridor_liquid, serial_bayou_pond_e
D:11:     layout_cave_pools, fountainhead
D:12:     layout_irregular_city, minmay_misc_feat_tower
Temple:   eino_wide_crystal_templ
Lair:1:   layout_hall_layers, pdpol_lair_neglected_garden,
          chequers_serial_rivers_micro_e, serial_bayou_pond_c,
          nicolae_quartered_pool_super, serial_bayou_shore_a, lemuel_fruit_tree
Lair:2:   dpeg_oklob_gauntlet, layout_regular_city, guppyfry_snake_entry_island,
          uniq_amaemon
Lair:3:   layout_layer_cave, elwin_shoals_entry_rocks, basic_altar,
          beast_lair_carwin_8
Lair:4:   layout_misc_corridors, nicolae_slime_entry_slimehenge, st_stairs_3,
          uniq_snorg
Lair:5:   hangedman_lair_in_review, layout_hall_layers,
          hangedman_lair_tendril_chambers, portal_ice_cave_entry_ice_simulacra
Orc:1:    layout_diamond_mine, nicolae_volcano_entry_hallway
Orc:2:    st_orc_congregation, layout_diamond_mine, mines2_lemuel,
          uniq_saint_roka

Skill      XL: |  1  2  3  4  5  6  7  8  9 10 11 12 13 14 15 16 |
---------------+-------------------------------------------------+-----
Ranged Weapons | 5 6 7 8 9 10 11 12 14 15 18 20 | 20.0
Invocations    | 1 2 3 4 5 7 8 9 10 | 10.0
Dodging        | 3 4 6 7 8 10 12 13 | 13.0
Fighting       | 3 4 5 6 8 9 12 | 12.4
Armour         | 3 4 5 6 8 |  8.0
Evocations     | 1 5 |  5.0
Stealth        | 3 4 |  4.0

Action                     |  1- 3 |  4- 6 |  7- 9 | 10-12 | 13-15 | 16-18 || total
---------------------------+-------+-------+-------+-------+-------+-------++-------
  Melee: Short sword       |     1 |       |       |       |       |       ||     1
   Fire: Shortbow          |    96 |   130 |   322 |   753 |       |       ||  1301
         Longbow           |       |       |       |    59 |  1770 |   218 ||  2047
 Invoke: Heroism           |       |       |       |     7 |     1 |     1 ||     9
         Finesse           |       |       |       |     2 |       |     1 ||     3
Ability: Evoke Blink       |       |       |       |       |     1 |       ||     1
  Evoke: Wand              |       |       |       |     6 |     4 |       ||    10
    Use: Scroll            |       |     7 |    12 |     7 |    12 |       ||    38
         Potion            |       |       |     5 |     1 |     3 |     1 ||    10
 Armour: Leather armour    |    17 |     2 |    18 |       |       |       ||    37
         Skin              |       |       |    51 |       |       |       ||    51
         Ring mail         |       |       |    28 |   119 |   201 |     3 ||   351
  Dodge: Dodged            |    48 |    21 |   126 |   323 |   566 |    47 ||  1131

Table legend: (Time is in decaauts)
 A = Elapsed time spent in this place.
 B = Non-inter-level travel time spent in this place.
 C = Inter-level travel time spent in this place.
 D = Time resting spent in this place.
 E = Time spent auto-exploring this place.
 F = Levels seen in this place.
 G = Mean time per level.
                   A        B        C        D        E       F      G
               +--------+--------+--------+--------+--------+-----+--------+
         Total |  25656 |  24272 |   1384 |   4668 |  11788 |  24 | 1069.0 |
       Dungeon |   9855 |   9256 |    599 |   1067 |   5910 |  12 |  821.2 |
        Temple |     53 |     40 |     13 |      0 |     26 |   1 |   53.0 |
          Lair |  10492 |   9857 |    635 |   2188 |   4377 |   5 | 2098.4 |
  Orcish Mines |   2627 |   2492 |    135 |    774 |    511 |   2 | 1313.5 |
         Abyss |     69 |     69 |      0 |      0 |      0 |   1 |   69.0 |
       Ossuary |    900 |    900 |      0 |    116 |    451 |   1 |  900.0 |
      Ice Cave |   1104 |   1104 |      0 |    259 |    445 |   1 | 1104.0 |
       Volcano |    553 |    553 |      0 |    262 |     66 |   1 |  553.0 |
               +--------+--------+--------+--------+--------+-----+--------+

Top non-repeatable levels by time:
  Lair:3: 2570 daAuts
     D:9: 2416 daAuts
  Lair:2: 2400 daAuts
  Lair:5: 2268 daAuts
  Lair:4: 2053 daAuts
   Orc:2: 1909 daAuts
    D:12: 1337 daAuts
  Lair:1: 1200 daAuts
   IceCv: 1104 daAuts
 Ossuary: 900 daAuts
    D:10: 897 daAuts
     D:1: 892 daAuts
   Orc:1: 717 daAuts
     D:6: 695 daAuts
     D:3: 643 daAuts
